 Seeded DCSS version 0.30.0-10-gfe55d96785 (webtiles) character file.

Game seed: 5783207435151253782 (custom seed)

127 GigaChad the Shield-Bearer (level 5, -2/42 HPs)
             Began as a Formicid Fighter on May 15, 2023.
             Slain by a lemure (6 damage)
             ... led by Pikel
             ... on level 4 of the Dungeon.
             The game lasted 00:03:23 (2337 turns).

GigaChad the Shield-Bearer (Formicid Fighter)       Turns: 2337, Time: 00:03:26

Health: -2/42      AC:  7    Str: 34    XL:     5   Next: 33%
Magic:  5/5        EV:  8    Int:  7    God:
Gold:   89         SH: 13    Dex: 13    Spells: 4/4 levels left

rFire   . . .        a - +0 war axe
rCold   . . .        e - +0 tower shield
rNeg    . . .        b - +0 scale mail
rPois   .            (helmet unavailable)
rElec   .            (no cloak)
rCorr   .            (no gloves)
SInv    +            (no boots)
Will    +....        (no amulet) Stlth
                     m - +6 ring of strength
HPRegen 0.27/turn    q - ring of Mucho {Will+ Str+5}
MPRegen 0.09/turn

%: no passive effects
@: no status effects
A: permanent stasis, dig shafts and tunnels, antennae 3, four strong arms
a: Dig, Shaft Self


You were on level 4 of the Dungeon.
You visited 1 branch of the dungeon, and saw 4 of its levels.

You collected 89 gold pieces.

Inventory:

Hand Weapons
 a - a +0 war axe (weapon)
Armour
 b - a +0 scale mail (worn)
 c - a +0 buckler
 e - a +0 tower shield (worn)
Jewellery
 g - the ring "Byapapse" {rPois Will++ SInv}
   (You acquired it on level 2 of the Dungeon)

   [ring of poison resistance]

   rPois:     It protects you from poison.
   SInv:      It lets you see invisible.
   Will:      It greatly increases your willpower.
 i - a ring of wizardry
 m - a +6 ring of strength (left hand)
 q - the ring of Mucho (right hand) {Will+ Str+5}
   (You found it on level 3 of the Dungeon)

   [ring of willpower]

   Str:       It affects your strength (+5).
   Will:      It increases your willpower.
Wands
 j - a wand of flame (18)
 o - a wand of roots (7)
Scrolls
 h - a scroll of fear
 k - 2 scrolls of identify
 l - a scroll of magic mapping
 n - a scroll of enchant armour {unknown}
Potions
 d - a potion of might
 f - 2 potions of curing {unknown}
 p - 2 potions of lignification {unknown}


   Skills:
 * Level 3.9 Fighting
 * Level 3.4 Axes
 * Level 4.1 Armour
 * Level 5.0 Shields


You had 4 spell levels left.
You didn't know any spells.
Your spell library contained the following spells:

 Spells                   Type           Power      Damage    Failure   Level
 Dazzling Flash           Conj/Hex       0%         N/A       100%        3
 Agony                    Necr           0%         N/A       100%        5
 Silence                  Hex/Air        0%         N/A       100%        5


Dungeon Overview and Level Annotations

Branches:
Dungeon (4/15)
 Temple: D:4-7

Altars:

Shops:
D:1 (

Annotations:
D:4 Pikel


Innate Abilities, Weirdness & Mutations

You cannot be hasted, slowed, berserked, paralysed or teleported.
You can dig through walls and to a lower floor.
You have a pair of large antennae on your head. (SInv)
Your four strong arms can wield two-handed weapons with a shield.


Message History

p - 2 yellow potions (gained 1) Done exploring.
No target in view!
Done exploring.
No target in view!
There is an open door here.
There is an escape hatch in the floor here.
You slide downwards.
The hatch slams shut behind you.
Pikel shouts!
The lemure shouts! x4
Found a book of Minor Magic, a chain mail and 8 gold pieces.
You barely miss the lemure. The lemure hits you but does no damage.
You barely miss the lemure. The lemure closely misses you. x2
The lemure hits you but does no damage.
You hit the lemure but do no damage. You hit the lemure.
You block the lemure's attack. x2
You barely miss the lemure.
The lemure is moderately wounded.
You hit the lemure. You hit Pikel but do no damage.
Pikel hits you but does no damage. You block the lemure's attack. x3
The lemure completely misses you.
Pikel hits you with a +0 whip of electrocution.
You hit the lemure.
The lemure is heavily wounded.
You barely miss the lemure. You slash Pikel!
Pikel hits you with a +0 whip of electrocution.
The lemure hits you! The lemure barely misses you.
You slash the lemure!
The lemure is almost dead.
You closely miss the lemure. You miss the lemure. You hit the lemure.
You slash Pikel!
Pikel hits you with a +0 whip of electrocution.
You are electrocuted!
The lemure hits you.
* * * LOW HITPOINT WARNING * * *
The lemure hits you.
* * * LOW HITPOINT WARNING * * *
The lemure hits you.
* * * LOW HITPOINT WARNING * * *
The lemure hits you but does no damage. Pikel completely misses you.
The lemure hits you.
You die...

....#.. ......#
## ......# #[#
....... ..
.......
#.#.......
#..5......
#@K....#
#.:555....#
...............
.#.............
##...#.......^
#...##.......
...$ #......
###.. ......


You could see Pikel and 4 lemures.

Vanquished Creatures
  Terence (D:2)
  4 adders (D:2)
  A worm (D:2)
  A dart slug (D:2)
  6 ball pythons
  6 endoplasms
  2 giant cockroaches (D:1)
  4 goblins
  7 hobgoblins
  9 kobolds
  2 quokkas (D:2)
  8 bats
  3 frilled lizards
  6 rats
60 creatures vanquished.

Notes
Turn   | Place    | Note
-------+----------+-------------------------------------------
     0 | D:1      | GigaChad the Formicid Fighter began the quest for the Orb.
     0 | D:1      | Reached XP level 1. HP: 18/18 MP: 1/1
    61 | D:1      | Reached XP level 2. HP: 24/24 MP: 2/2
   219 | D:1      | Reached XP level 3. HP: 29/29 MP: 3/3
   240 | D:1      | Found Selyt's Antique Weapon Shop.
   766 | D:2      | Reached XP level 4. HP: 36/37 MP: 4/4
   889 | D:2      | Noticed Terence
   901 | D:2      | Killed Terence
   960 | D:2      | Reached XP level 5. HP: 41/42 MP: 5/5
  1008 | D:2      | Reached skill level 5 in Shields
  1482 | D:2      | Identified a scroll of acquirement
  1482 | D:2      | Acquired the ring "Byapapse" {rPois Will++ SInv}
  2190 | D:3      | Identified the ring of Mucho {Will+ Str+5}
  2331 | D:4      | Noticed Pikel
  2331 | D:4      | Noticed a lemure
  2331 | D:4      | Noticed a lemure
  2331 | D:4      | Noticed a lemure
  2331 | D:4      | Noticed a lemure
  2337 | D:4      | Slain by a lemure

Illustrated notes

Levels and vault maps discovered:
D:1:      amcnicky_arrival_feature_with_door, layout_rooms, serial_bayou,
          serial_bayou_pond_c, serial_bayou_lagoon_a, serial_bayou_pond_e,
          serial_bayou_shore_a, serial_shops, shop
D:2:      layout_basic, kennysheep_nub, uniq_terence
D:3:      layout_basic
D:4:      layout_cave_pools, general_overflow_altar, serial_shops,
          nicolae_shop_tiny_waterfront, uniq_pikel

Skill      XL: |  1  2  3  4  5 |
---------------+----------------+-----
Axes           | 3 |  3.4
Armour         | 4 |  4.1
Shields        | 5 |  5.0
Fighting       | |  3.9

Action                     |  1- 3 |  4- 6 || total
---------------------------+-------+-------++-------
  Melee: War axe           |    80 |    83 ||   163
    Use: Scroll            |     3 |     4 ||     7
 Armour: Scale mail        |    31 |    32 ||    63
  Dodge: Dodged            |    33 |    29 ||    62
  Block: Buckler           |     3 |       ||     3
         Tower shield      |    59 |    60 ||   119
